Map: Ice and Chrome LE

Players

SKillous - Winner!

  • Race: Protoss Protoss
  • League: Grandmaster
  • Spawn Location: 7:00

HellraiseR

  • Race: Protoss Protoss
  • Spawn Location: 1:00

Event: DreamHack SC2 Masters 2020 Fall

VOD

Have the link to the VOD?

Description

Time

  • Played on: Sept. 9, 2020, 2:07 p.m.
  • Length: 6:46

All games in this series

Show
View Real Time Build Order
Export as new Build Order

SKillous Protoss - Winner!

Build Orders: Oracle Opening, Phoenix Opening 

Get SALT Encoding   

  12  0:00  Probe  
  13  0:12  Probe  
  14  0:17  Pylon  
  14  0:25  Probe (Chrono Boost)  
  15  0:37  Gateway, Probe (Chrono Boost)  
  16  0:45  Probe (Chrono Boost)  
  16  0:46  Assimilator  
  17  0:51  Probe  
  17  0:54  Assimilator  
  18  1:03  Probe (Chrono Boost)  
  19  1:10  Gateway  
  19  1:12  Probe (Chrono Boost)  
  19  1:17  Probe (Chrono Boost)  
  21  1:27  Cybernetics Core  
  21  1:30  Probe  
  22  1:36  Pylon  
  22  1:42  Probe  
  23  1:54  Probe  
  24  2:03  Stargate  
  24  2:07  Stalker  
  26  2:10  Stalker  
  26  2:15  Pylon  
  28  2:25  Warp Gate  
  27  2:44  Oracle (Chrono Boost)  
  30  2:52  Shield Battery  
  30  2:57  Probe  
  31  3:09  Probe  
  32  3:13  Shield Battery  
  32  3:18  Nexus  
  32  3:21  Probe  
  33  3:29  Shield Battery  
  33  3:30  Phoenix (Chrono Boost)  
  35  3:34  Probe  
Show
View Real Time Build Order
Export as new Build Order

HellraiseR Protoss 

Build Orders: Oracle Opening 

Get SALT Encoding   

  12  0:00  Probe  
  13  0:12  Probe  
  14  0:17  Pylon  
  14  0:24  Probe (Chrono Boost)  
  15  0:36  Probe (Chrono Boost)  
  15  0:38  Gateway  
  16  0:44  Probe (Chrono Boost)  
  16  0:46  Assimilator  
  17  0:50  Probe  
  17  0:55  Assimilator  
  18  1:03  Probe (Chrono Boost)  
  19  1:09  Gateway  
  20  1:12  Probe (Chrono Boost)  
  20  1:17  Probe (Chrono Boost)  
  21  1:27  Cybernetics Core  
  21  1:29  Probe  
  22  1:41  Probe  
  22  1:44  Pylon  
  23  2:03  Stargate  
  23  2:05  Adept x2  
  23  2:07  Warp Gate  
  27  2:10  Probe  
  28  2:17  Pylon  
  29  2:22  Probe  
  29  2:37  Adept x2  
  29  2:40  Pylon  
  33  2:45  Oracle (Chrono Boost)  
  36  3:18  Oracle  
  39  3:30  Nexus  
  39  3:32  Shield Battery  

Tags
 
Add a new tag
Caveats
  • Supply blocks, unpowered buildings, or Contaminate may cause inaccurate times.
  • Supply counts are checked every 10 seconds.